 Dungeon Crawl Stone Soup version 0.31-a0-460-g9e667d4245 (webtiles) character file.

Game seed: 7369731898217306108

97 Ofeo the Changeling (level 4, -5/34 HPs)
             Began as a Demonspawn Shapeshifter on Aug 5, 2023.
             Slain by Grinder (7 damage)
             ... while paralysed by Grinder
             ... on level 2 of the Dungeon.
             The game lasted 00:02:31 (2600 turns).

Ofeo the Changeling (Demonspawn Shapeshifter)       Turns: 2600, Time: 00:02:31

Health: -5/34      AC:  2    Str: 18    XL:     4   Next: 42%
Magic:  4/4        EV:  2    Int:  9    God:
Gold:   168        SH:  0    Dex: 13    Spells: 3/3 levels left

rFire   + . .        e - +0 dagger (venom)
rCold   + . .        (no shield)
rNeg    . . .        a - +0 animal skin
rPois   +            (helmet currently unavailable)
rElec   +            (cloak currently unavailable)
rCorr   +            (gloves currently unavailable)
SInv    .            (boots currently unavailable)
Will    .....        (no amulet)
Stlth   +            (no ring)
HPRegen 0.25/turn    (no ring)
MPRegen 0.09/turn

%: no passive effects
@: paralysed, mighty, beast-form, resistant
A: beast (slay +2), hooves 2
a: Begin Untransformation


You were on level 2 of the Dungeon.
You were a hulking beast.
You visited 1 branch of the dungeon, and saw 3 of its levels.

You collected 168 gold pieces.

Inventory:

Hand Weapons
 e - a +0 dagger of venom (weapon)
Armour
 a - a +0 animal skin (worn)
 n - the +0 kite shield of Trumpets {Str+5 Int-4}
   (You found it on level 2 of the Dungeon)

   Str:       It affects your strength (+5).
   Int:       It affects your intelligence (-4).
Talismans
 c - a beast talisman (active)
Scrolls
 d - a scroll of torment {unknown}
 f - 2 scrolls of teleportation {unknown}
 g - 4 scrolls of identify {unknown}
 k - a scroll of poison {unknown}
 l - a scroll of blinking {unknown}
Potions
 b - a potion of lignification


   Skills:
 + Level 2.5 Fighting
 + Level 2.7 Dodging
 - Level 2.7 Unarmed Combat
 + Level 3.2 Shapeshifting


You had 3 spell levels left.
You didn't know any spells.
Your spell library was empty.

Dungeon Overview and Level Annotations

Branches:
Dungeon (3/15)

Altars:
Ashenzari

Annotations:
D:2 Grinder


Innate Abilities, Weirdness & Mutations

You are a hulking beast.
Your limbs bulge with bestial killing power. (Slay +2)
You have hoof-like feet.


Message History

You take 2 damage, and have 28/34 hp.
There is a stone staircase leading up here.
Grinder barely misses you.
You climb upwards.
There is a stone staircase leading down here.
It was a potion of curing.
You feel better. Grinder gestures at you.
You suddenly lose the ability to move!
Grinder hits you!
You writhe in agony.
Grinder hits you.
You writhe in agony.
You can move again.
You take 15 damage, and have 14/34 hp.
MASSIVE DAMAGE!!
Unknown command.
Unknown command.
Unknown command.
It was a potion of resistance.
You feel protected. Grinder gestures at you. Pain shoots through your body!
* * * LOW HITPOINT WARNING * * *
You take 12 damage, and have 2/34 hp.
MASSIVE DAMAGE!!
It was a potion of might.
You feel very mighty all of a sudden. Grinder closely misses you.
You feel much better.
Grinder grins, showing sharp teeth.
Grinder gestures at you.
You shrug off the repeated paralysis!
You regained 13 hp, and now have 15/34 hp.
You hit Grinder.
Grinder is moderately wounded.
Grinder gestures at you.
You suddenly lose the ability to move!
Grinder hits you but does no damage. Grinder hits you!
* * * LOW HITPOINT WARNING * * *
You writhe in agony.
* * * LOW HITPOINT WARNING * * *
Grinder hits you!
You die...

.....# ##....#####.....)........
.....# #............##.......##.
.....# #............##...###.##.
.....# ##.....<...........# #.##.
.....###.............##..####.##.
.....................##....##.##.
##........)..........##..........
#........[..........+...........
##..............h5...##.........#
..........########...##.........#
..........# #...##.........#
.......#### #...##.........#
######## #...'..........#
#...##.........# #...###.##...#.#
#...# #.##...... ###...#
#......#..


You could see Grinder.

Vanquished Creatures
  A gnoll (D:1)
  2 adders
  A worm (D:2)
  2 dart slugs
  4 bats
  5 endoplasms
  A giant cockroach (D:2)
  8 goblins
  4 hobgoblins
  7 jackals (D:1)
  7 kobolds
  A quokka (D:1)
  7 frilled lizards (D:1)
  7 rats
57 creatures vanquished.

Notes
Turn   | Place    | Note
-------+----------+-------------------------------------------
     0 | D:1      | Ofeo the Demonspawn Shapeshifter began the quest for the
                  | Orb.
     0 | D:1      | Reached XP level 1. HP: 15/15 MP: 1/1
   138 | D:1      | Gained mutation: You have large cloven feet. [demonic
                  | ancestry]
   138 | D:1      | Reached XP level 2. HP: 21/21 MP: 2/2
   486 | D:1      | Gained mutation: You have hoof-like feet. [demonic
                  | ancestry]
   486 | D:1      | Reached XP level 3. HP: 26/27 MP: 3/3
   581 | D:1      | Reached skill level 3 in Shapeshifting
  1479 | D:2      | Reached XP level 4. HP: 33/33 MP: 4/4
  2010 | D:2      | Identified the +0 kite shield of Trumpets {Str+5 Int-4}
  2252 | D:2      | Found a faded altar of an unknown god.
  2252 | D:2      | Noticed a sixfirhy
  2287 | D:2      | Found a broken altar of Ashenzari.
  2584 | D:3      | Noticed Grinder
  2591 | D:2      | Paralysed by Grinder for 3 turns
  2597 | D:2      | Paralysed by Grinder for 5 turns
  2600 | D:2      | Slain by Grinder

Illustrated notes

Levels and vault maps discovered:
D:1:      lightli_arrival_lavapool, layout_rooms, nicolae_eternal_life
D:2:      layout_basic, basic_altar, dreamdust_ecumenical_altar_sealed_demon
D:3:      layout_rooms, mainiacjoe_overflow_catwalk,
          mainiacjoe_overflow_six_doors_small, uniq_grinder

Skill      XL: |  1  2  3 |
---------------+----------+-----
Dodging        | 2 |  2.7
Shapeshifting  | 3 |  3.2
Fighting       | 2 |  2.5
Unarmed Combat | |  2.7

Action                     |  1- 3 |  4- 6 || total
---------------------------+-------+-------++-------
  Melee: Dagger            |    79 |    36 ||   115
         Unarmed           |     5 |       ||     5
         Kick              |    15 |     8 ||    23
         Punch             |     2 |     1 ||     3
    Use: Potion            |     1 |     4 ||     5
   Stab: Sleeping          |     2 |     1 ||     3
 Armour: Animal skin       |    20 |     3 ||    23
  Dodge: Dodged            |    40 |    18 ||    58

Table legend: (Time is in decaauts)
 A = Elapsed time spent in this place.
 B = Non-inter-level travel time spent in this place.
 C = Inter-level travel time spent in this place.
 D = Time resting spent in this place.
 E = Time spent auto-exploring this place.
 F = Levels seen in this place.
 G = Mean time per level.
                   A        B        C        D        E       F      G
               +--------+--------+--------+--------+--------+-----+--------+
         Total |   2602 |   2448 |    154 |    683 |   1433 |   3 |  867.3 |
       Dungeon |   2602 |   2448 |    154 |    683 |   1433 |   3 |  867.3 |
               +--------+--------+--------+--------+--------+-----+--------+

Top non-repeatable levels by time:
     D:1: 1461 daAuts
     D:2: 1134 daAuts
     D:3: 5 daAuts
